Workbook

Sheet Guidance
A1: National sustainability self-assessment tool
A4: Introduction
A5: This tool has been designed to provide forces with a way to track progress against the actions in the National Sustainability Strategy for Policing and to allow Police Crime Commissioners (PCCs) or Mayoral equivalents to easily audit performance.
A6: The strategy reaffirms the commitment in the Sustainability Charter to improve the environmental performance of policing and replaces it with a standardised approach to sustainability in policing that ensures all police forces work towards shared sustainability goals.
A7: The strategy is designed to be a high-level framework incorporating sustainability impacts that are identified as significant to policing by the Sustainability Governance Board (SGB) and are not covered in other national policing strategy, such as the Culture & Inclusion Strategy.
A8: Forces are required to use this tool to benchmark their sustainability performance. Forces should reassess their performance annually to monitor progress and update their action plan accordingly.
A9: Each PCC or Mayor will scrutinise progress and hold their force to account for meeting the statutory, mandatory, and other requirements laid out in their sustainability strategies or action plan.
A12: Scoring progress
A13: Sustainability is organised into three pillars (environment, economic, social)
A14: Each pillar is organised into three topics (e.g. for environment these are estate, technology, nature).
A15: Within each topic, actions are organised into three stages (starting out, improving, accelerating).
A16: The score for each action is the weighting for each action (pre-defined by the SGB) multiplied by the force's progress
A17: There are five potential progress categories providing a score on a scale of zero to one:
A19: Description | B19: Score
A20: Not started | B20: 0
A21: Planned | B21: 0.25
A22: In progress | B22: 0.5
A23: Complete | B23: 0.75
A24: Embedded into policy | B24: 1
A26: Forces should record progress for each action, for each topic using the drop down options. Overall progress scores will be automatically calculated and displayed on the 'Dashboard' tab

Sheet Dashboard
A2: Force name
A4: Governance measures complete | C4: =COUNTIF('Governance checklist'!$L$3:$L$8,TRUE) -> 3 | D4: of 6 | F4: Overall rating for sustainability | H4: =IF(B35<33.33%,"Starting out",IF(B35<66.66%,"Improving",IF(B35<100%,"Accelerating",""))) -> Starting out
K5: hide
A6: Pillar | B6: Topic | F6: Stage | G6: Score | H6: Pillar progress | K6: Pillar summary
A7: Environmental sustainability | B7: =Estates!A1 -> Buildings & estate decarbonisation | F7: =Estates!C1 -> Starting out | G7: =Estates!B1/3 -> 0 | K7: =SUM(G7:G9)/3 -> 0
B8: =Travel!A1 -> Travel & fleet decarbonisation | F8: =Travel!C1 -> Starting out | G8: =Travel!B1/3 -> 0 | K8: =1-K7 -> 1
B9: =Nature!A1 -> Nature & biodiversity | F9: =Nature!C1 -> Starting out | G9: =Nature!B1/3 -> 0
A10: Comments & key achievements
A16: Pillar | B16: Topic | F16: Stage | G16: Score | H16: Pillar progress
A17: Economic sustainability | B17: Circular economy | F17: ='Circular Economy'!C1 -> Starting out | G17: ='Circular Economy'!B1/3 -> 0
B18: =Procurement!A1 -> Business change & procurement | F18: =Procurement!C1 -> Starting out | G18: =Procurement!B1/3 -> 0
B19: =Efficiency!A1 -> Efficiency & technology | F19: =Efficiency!C1 -> Starting out | G19: =Efficiency!B1/3 -> 0 | K19: Pillar summary
A20: Comments & key achievements | K20: =SUM(G17:G19)/3 -> 0
K21: =1-K20 -> 1
A26: Pillar | B26: Topic | F26: Stage | G26: Topic progress score | H26: Pillar progress
A27: Social sustainability | B27: ='Civil Contingency'!A1 -> Civil contingency & community resilience | F27: ='Civil Contingency'!C1 -> Starting out | G27: ='Civil Contingency'!B1/3 -> 0
B28: ='Public Service'!A1 -> Public service & community safety | F28: ='Public Service'!C1 -> Starting out | G28: ='Public Service'!B1/3 -> 0
B29: =Collaboration!A1 -> Engagement & collaboration | F29: =Collaboration!C1 -> Starting out | G29: =Collaboration!B1/3 -> 0
A30: Comments & key achievements
K32: Pillar summary
K33: =SUM(G27:G29)/3 -> 0
K34: =1-K33 -> 1
A35: Overall sustainability score | B35: =AVERAGE(G7,G8,G9,G17,G18,G19,G27,G28,G29) -> 0

Sheet Progress count
B2: Estate and fleet | C2: Technology | D2: Nature and biodiversity | E2: Circular economy | F2: Procurement | G2: Efficiency | H2: Civil contingency and resilient communities | I2: Public service and community safety | J2: Partnerships and collaboration
A3: =Rubric!A2 -> Not started | B3: =COUNTIF(Estates!J4:J11,Rubric!A2) -> 0 | C3: =COUNTIF(Travel!$J$4:$J$11,Rubric!A2) -> 0 | D3: =COUNTIF(Nature!$J$4:$J$8,Rubric!$A2) -> 0 | E3: =COUNTIF('Circular Economy'!$J$4:$J$10,Rubric!$A2) -> 0 | F3: =COUNTIF(Procurement!$J$4:$J$8,Rubric!$A2) -> 0 | G3: =COUNTIF(Efficiency!$J$4:$J$8,Rubric!$A2) -> 0 | H3: =COUNTIF('Civil Contingency'!$J$4:$J$7,Rubric!$A2) -> 0 | I3: =COUNTIF('Public Service'!$J$4:$J$9,Rubric!$A2) -> 0 | J3: =COUNTIF(Collaboration!$J$4:$J$9,Rubric!$A2) -> 0
A4: =Rubric!A3 -> Planned | B4: =COUNTIF(Estates!J4:J11,Rubric!A3) -> 0 | C4: =COUNTIF(Travel!$J$4:$J$11,Rubric!A3) -> 0 | D4: =COUNTIF(Nature!$J$4:$J$8,Rubric!$A3) -> 0 | E4: =COUNTIF('Circular Economy'!$J$4:$J$10,Rubric!$A3) -> 0 | F4: =COUNTIF(Procurement!$J$4:$J$8,Rubric!$A3) -> 0 | G4: =COUNTIF(Efficiency!$J$4:$J$8,Rubric!$A3) -> 0 | H4: =COUNTIF('Civil Contingency'!$J$4:$J$7,Rubric!$A3) -> 0 | I4: =COUNTIF('Public Service'!$J$4:$J$9,Rubric!$A3) -> 0 | J4: =COUNTIF(Collaboration!$J$4:$J$9,Rubric!$A3) -> 0
A5: =Rubric!A4 -> In progress | B5: =COUNTIF(Estates!J4:J11,Rubric!A4) -> 0 | C5: =COUNTIF(Travel!$J$4:$J$11,Rubric!A4) -> 0 | D5: =COUNTIF(Nature!$J$4:$J$8,Rubric!$A4) -> 0 | E5: =COUNTIF('Circular Economy'!$J$4:$J$10,Rubric!$A4) -> 0 | F5: =COUNTIF(Procurement!$J$4:$J$8,Rubric!$A4) -> 0 | G5: =COUNTIF(Efficiency!$J$4:$J$8,Rubric!$A4) -> 0 | H5: =COUNTIF('Civil Contingency'!$J$4:$J$7,Rubric!$A4) -> 0 | I5: =COUNTIF('Public Service'!$J$4:$J$9,Rubric!$A4) -> 0 | J5: =COUNTIF(Collaboration!$J$4:$J$9,Rubric!$A4) -> 0
A6: =Rubric!A5 -> Complete | B6: =COUNTIF(Estates!J4:J11,Rubric!A5) -> 0 | C6: =COUNTIF(Travel!$J$4:$J$11,Rubric!A5) -> 0 | D6: =COUNTIF(Nature!$J$4:$J$8,Rubric!$A5) -> 0 | E6: =COUNTIF('Circular Economy'!$J$4:$J$10,Rubric!$A5) -> 0 | F6: =COUNTIF(Procurement!$J$4:$J$8,Rubric!$A5) -> 0 | G6: =COUNTIF(Efficiency!$J$4:$J$8,Rubric!$A5) -> 0 | H6: =COUNTIF('Civil Contingency'!$J$4:$J$7,Rubric!$A5) -> 0 | I6: =COUNTIF('Public Service'!$J$4:$J$9,Rubric!$A5) -> 0 | J6: =COUNTIF(Collaboration!$J$4:$J$9,Rubric!$A5) -> 0
A7: =Rubric!A6 -> Embedded into policy | B7: =COUNTIF(Estates!J4:J11,Rubric!A6) -> 0 | C7: =COUNTIF(Travel!$J$4:$J$11,Rubric!A6) -> 0 | D7: =COUNTIF(Nature!$J$4:$J$8,Rubric!$A6) -> 0 | E7: =COUNTIF('Circular Economy'!$J$4:$J$10,Rubric!$A6) -> 0 | F7: =COUNTIF(Procurement!$J$4:$J$8,Rubric!$A6) -> 0 | G7: =COUNTIF(Efficiency!$J$4:$J$8,Rubric!$A6) -> 0 | H7: =COUNTIF('Civil Contingency'!$J$4:$J$7,Rubric!$A6) -> 0 | I7: =COUNTIF('Public Service'!$J$4:$J$9,Rubric!$A6) -> 0 | J7: =COUNTIF(Collaboration!$J$4:$J$9,Rubric!$A6) -> 0

Sheet Governance checklist
A2: Action | L2: Check once complete
A3: Measure greenhouse gas emissions annually using national carbon calculator and submit to BlueLight Commercial | L3: TRUE
A4: Measure sustainability performance annually using the self-assessment tool | L4: TRUE
A5: Publish a sustainability action plan with targets | L5: FALSE
A6: Allocate a sustainability lead to manage and monitor progress against targets | L6: TRUE
A7: Regularly report progress to a Tier 1 / Executive Board | L7: FALSE
A8: Publish an annual sustainability report to show progress | L8: FALSE

Sheet EnS Descriptors
A1: Environmental Sustainability: Descriptors
A3: Pillar | B3: Theme | C3: Starting out | D3: Improving | E3: Accelerating
A4: Environmental Sustainability | B4: Buildings and estate decarbonisation | C4: Force has reviewed occupancy levels in all its buildings, identified opportunities to rationalise the estate and optimise building use, and has integrated these into its estate strategy. | D4: Force has developed a heat decarbonisation plan for its buildings that is aligned to its boiler replacement programme and net zero target, and has integrated this plan into its estate strategy. | E4: Force is actively installing renewables across its estate including roof-top solar, solar canopies and battery storage, taking advantage of funding opportunities where available.
C5: Force has assessed building energy and water use via management systems or submetering, identified opportunities to improve and optimise energy and water efficiency in buildings, and has integrated these into its estate strategy. | D5: Force has completed detailed decarbonisation feasibility studies for buildings based on a whole building approach, and has integrated these into its maintenance and capital programmes. | E5: New builds and major retrofits are designed and built to environmental standards such as BREEAM, and net zero where possible. Green leases are in place when acquiring leased properties, and shared spaces where possible.
C6: Force has a system for identifying, managing and mitigating environmental risks across its estate, including pollution and statutory nuisance as a minimum. | D6: Force has a comprehensive management system for identifying, managing and continually improving its impacts on the environment, this should include a register of legislation and operational controls. | E6: Force has identified opportunities to share buildings and other spaces with partners, other forces and public sector organisations to further rationalise the size of its estate and share costs.
B7: Travel and fleet decarbonisation | C7: Force has reviewed utilisation levels of all of its fleet vehicles, identified opportunities to reduce vehicle numbers, and has a system for continually monitoring and optimising vehicle use. | D7: Force has developed a fleet decarbonisation plan for pool / non-operational vehicles, assessed local grid capacity & charging infrastructure needs for these vehicles, and has fully integrated this into its estates capital programme (chargers) and fleet replacement programme (vehicles). | E7: Force has developed a fleet decarbonisation plan for operational / hard to transition vehicles, assessed local grid capacity & charging infrastructure needs for these vehicles, and has fully integrated this into its estates capital programme (chargers) and fleet replacement programme (vehicles).
C8: Force has adopted a sustainable travel hierarchy for business travel, and neighbourhood officers are deployed on foot and on bikes where possible to encourage active and sustainable travel. | D8: Force has reviewed and identified opportunities to improve travel facilities (changing rooms, showers, lockers, bike storage etc.) across its estate to encourage active and sustainable travel, and has integrated this into its estate strategy. | E8: Force has identified opportunities to share charging infrastructure with partners and other forces & public sector organisations, and is implementing the opportunities identified.
C9: Force has completed an employee commuter survey and has developed an active / sustainable travel plan to encourage healthy and low carbon transports for employees and visitors travelling to its site. | D9: Force completes regular commuter surveys, updates its active / sustainable travel plan accordingly and has an action plan to improve active and sustainable travel for commuters and visitors to its site, which includes working with key stakeholders and local transport providers. | E9: Force has identified further opportunities to share infrastructure including the use of central charging hubs, and has explored on-street priory parking with local authorities, and is implementing the opportunities identified.
B10: Nature and biodiversity | C10: Force has reviewed its ground maintenance agreements ensuring, for example, that soft landscaping comprise of native species to enhance food, shelter and nesting sites for a range of native species. | D10: Force has assessed nature and biodiversity across its sites, identified protected species & small-scale opportunities to improve and enhance nature and biodiversity (nesting boxes, wildflower verges, insect hotels), and has integrated these into its grounds maintenance strategy. | E10: Force has surveyed sites with substantial grounds and identified larger scale opportunities to improve and enhance nature and biodiversity (habit mosaic, green roofs & walls etc.), where possible in line with the Local Nature Recovery Strategy.
C11: Force has assessed the opportunities to provide green spaces for employees across its estate, and promotes the link between nature and wellbeing. | D11: Force has increased and/or enhanced opportunities for employees to access green spaces across its estate, and has established a nature & wildlife staff network working with local nature and gardening groups to improve biodiversity. | E11: Force has identified opportunities to share green spaces across its estate with other partners and the local community where possible to enhance nature, biodiversity and community relations.
C12: Force has included rural and wildlife crime in induction training for new officers and has established a cohort of wildlife crime champions from abroad range of roles. | D12: Force has system to identify rural and wildlife crimes and intelligence on its policing systems, and allocates ownership to ensure an effective response to emerging trends. Force offers opportunities for key individuals to specialise in particular aspects of wildlife crime. | E12: Force has built positive working partnerships with key nature and wildlife organisations such as Natural England and where possible local special interest or community groups, and has identified opportunities to explore how changes brought about by police involvement in rural and wildlife crime has directly enhanced local nature and biodiversity.

Sheet Estates
A1: Buildings & estate decarbonisation | B1: =SUMPRODUCT(K4:K13,$I$4:$I$13) -> 0 | C1: =IF(B1<1.1,"Starting out",IF(B1<2.1,"Improving",IF(B1<3,"Accelerating",""))) -> Starting out
A3: Stage | B3: Actions | I3: Weighting | J3: Progress | K3: Score | L3: Evidence
A4: Starting out | B4: Force has reviewed occupancy levels in all its buildings, identified opportunities to rationalise the estate and optimise building use, and has integrated these into its estate strategy | I4: =1/3 -> 0.33333333 | K4: =_xlfn.XLOOKUP(J4, Rubric!$A$2:$A$6, Rubric!$B$2:$B$6, "")
B5: Force has assessed building energy and water use via management systems or submetering, identified opportunities to improve and optimise energy and water efficiency in buildings, and has integrated these into its estate strategy | I5: =1/3 -> 0.33333333 | K5: =_xlfn.XLOOKUP(J5, Rubric!$A$2:$A$6, Rubric!$B$2:$B$6, "")
B6: Force has a system for identifying, managing and mitigating environmental risks across its estate, including pollution and statutory nuisance as a minimum | I6: =1/3 -> 0.33333333 | K6: =_xlfn.XLOOKUP(J6, Rubric!$A$2:$A$6, Rubric!$B$2:$B$6, "")
A7: Improving | B7: Force has developed a heat decarbonisation plan for its buildings that is aligned to its boiler replacement programme and net zero target, and has integrated this plan into its estate strategy | I7: =1/4 -> 0.25 | K7: =_xlfn.XLOOKUP(J7, Rubric!$A$2:$A$6, Rubric!$B$2:$B$6, "")
B8: Assess local grid capacity required for decarbonising buildings and engage with DNO | I8: =1/4 -> 0.25 | K8: =_xlfn.XLOOKUP(J8, Rubric!$A$2:$A$6, Rubric!$B$2:$B$6, "")
B9: Force has completed detailed decarbonisation feasibility studies for buildings based on a whole building approach, and has integrated these into its maintenance and capital programmes | I9: =1/4 -> 0.25 | K9: =_xlfn.XLOOKUP(J9, Rubric!$A$2:$A$6, Rubric!$B$2:$B$6, "")
B10: Force has a comprehensive management system for identifying, managing and continually improving its impacts on the environment, this should include a register of legislation and operational controls | I10: =1/4 -> 0.25 | K10: =_xlfn.XLOOKUP(J10, Rubric!$A$2:$A$6, Rubric!$B$2:$B$6, "")
A11: Accelerating | B11: Force is actively installing renewables across its estate including roof-top solar, solar canopies and battery storage, taking advantage of funding opportunities where available | I11: =1/3 -> 0.33333333 | K11: =_xlfn.XLOOKUP(J11, Rubric!$A$2:$A$6, Rubric!$B$2:$B$6, "")
B12: New builds and major retrofits are designed and built to environmental standards, such as BREEAM and net zero where possible. Green leases are in place when acquiring leased properties and shared spaces, where possible | I12: =1/3 -> 0.33333333 | K12: =_xlfn.XLOOKUP(J12, Rubric!$A$2:$A$6, Rubric!$B$2:$B$6, "")
B13: Force has identified opportunities to share buildings and other spaces with partners, other forces and public sector organisations to further rationalise the size of its estate and share costs | I13: =1/3 -> 0.33333333 | K13: =_xlfn.XLOOKUP(J13, Rubric!$A$2:$A$6, Rubric!$B$2:$B$6, "")

Sheet Travel
A1: Travel & fleet decarbonisation | B1: =SUMPRODUCT(K4:K13,$I$4:$I$13) -> 0 | C1: =IF(B1<1.1,"Starting out",IF(B1<2.1,"Improving",IF(B1<3,"Accelerating",""))) -> Starting out
A3: Stage | B3: Actions | I3: Weighting | J3: Progress | K3: Score | L3: Evidence
A4: Starting out | B4: Force has reviewed utilisation levels of all of its fleet vehicles, identified opportunities to reduce vehicle numbers, and has a system for continually monitoring and optimising vehicle use | I4: =1/4 -> 0.25 | K4: =_xlfn.XLOOKUP(J4, Rubric!$A$2:$A$6, Rubric!$B$2:$B$6, "")
B5: Force has adopted a sustainable travel hierarchy for business travel | I5: =1/4 -> 0.25 | K5: =_xlfn.XLOOKUP(J5, Rubric!$A$2:$A$6, Rubric!$B$2:$B$6, "")
B6: Neighbourhood officers are deployed on foot and on bikes where possible to encourage active and sustainable travel | I6: =1/4 -> 0.25 | K6: =_xlfn.XLOOKUP(J6, Rubric!$A$2:$A$6, Rubric!$B$2:$B$6, "")
B7: Force has completed an employee commuter survey and has developed an active / sustainable travel plan to encourage healthy and low carbon transport for employees and visitors travelling to its site | I7: =1/4 -> 0.25 | K7: =_xlfn.XLOOKUP(J7, Rubric!$A$2:$A$6, Rubric!$B$2:$B$6, "")
A8: Improving | B8: Force has developed a fleet decarbonisation plan for pool / non-operational vehicles, assessed local grid capacity and charging infrastructure needs for these vehicles, and has fully integrated this into its estates capital programme (chargers) and fleet replacement programme (vehicles) | I8: =1/3 -> 0.33333333 | K8: =_xlfn.XLOOKUP(J8, Rubric!$A$2:$A$6, Rubric!$B$2:$B$6, "")
B9: Force has reviewed and identified opportunities to improve travel facilities (changing rooms, showers, lockers, bike storage etc.) across its estate to encourage active and sustainable travel, and has integrated this into its estate strategy | I9: =1/3 -> 0.33333333 | K9: =_xlfn.XLOOKUP(J9, Rubric!$A$2:$A$6, Rubric!$B$2:$B$6, "")
B10: Force completes regular commuter surveys, updates its active / sustainable travel plan accordingly and has an action plan to improve active and sustainable travel for commuters and visitors to its site, which includes working with key stakeholders and local transport providers | I10: =1/3 -> 0.33333333 | K10: =_xlfn.XLOOKUP(J10, Rubric!$A$2:$A$6, Rubric!$B$2:$B$6, "")
A11: Accelerating | B11: Force has developed a fleet decarbonisation plan for operational / hard to transition vehicles, assessed local grid capacity & charging infrastructure needs for these vehicles, and has fully integrated this into its estates capital programme (chargers) and fleet replacement programme (vehicles) | I11: =1/3 -> 0.33333333 | K11: =_xlfn.XLOOKUP(J11, Rubric!$A$2:$A$6, Rubric!$B$2:$B$6, "")
B12: Force has identified opportunities to share charging infrastructure with partners and other forces & public sector organisations, and is implementing the opportunities identified | I12: =1/3 -> 0.33333333 | K12: =_xlfn.XLOOKUP(J12, Rubric!$A$2:$A$6, Rubric!$B$2:$B$6, "")
B13: Force has identified further opportunities to share infrastructure including the use of central charging hubs, and has explored on-street priory parking with local authorities, and is implementing the opportunities identified | I13: =1/3 -> 0.33333333 | K13: =_xlfn.XLOOKUP(J13, Rubric!$A$2:$A$6, Rubric!$B$2:$B$6, "")

Sheet Nature
A1: Nature & biodiversity | B1: =SUMPRODUCT(K4:K13,$I$4:$I$13) -> 0 | C1: =IF(B1<1.1,"Starting out",IF(B1<2.1,"Improving",IF(B1<3,"Accelerating",""))) -> Starting out
A3: Stage | B3: Actions | I3: Weighting | J3: Progress | K3: Score | L3: Evidence
A4: Starting out | B4: Force has reviewed its ground maintenance agreements ensuring, for example, soft landscaping comprise of native species to enhance food, shelter and nesting sites for a range of native species | I4: =1/3 -> 0.33333333 | K4: =_xlfn.XLOOKUP(J4, Rubric!$A$2:$A$6, Rubric!$B$2:$B$6, "")
B5: Force has assessed the opportunities to provide green spaces for employees across its estate, and promotes the link between nature and wellbeing | I5: =1/3 -> 0.33333333 | K5: =_xlfn.XLOOKUP(J5, Rubric!$A$2:$A$6, Rubric!$B$2:$B$6, "")
B6: Force has included rural and wildlife crime in induction training for new officers and has established a cohort of wildlife crime champions from abroad range of roles | I6: =1/3 -> 0.33333333 | K6: =_xlfn.XLOOKUP(J6, Rubric!$A$2:$A$6, Rubric!$B$2:$B$6, "")
A7: Improving | B7: Force has assessed nature and biodiversity across its sites, identified protected species and small-scale opportunities to improve and enhance nature and biodiversity (nesting boxes, wildflower verges, insect hotels), and has integrated these into its grounds maintenance strategy | I7: =1/4 -> 0.25 | K7: =_xlfn.XLOOKUP(J7, Rubric!$A$2:$A$6, Rubric!$B$2:$B$6, "")
B8: Force has increased and/or enhanced opportunities for employees to access green spaces across its estate, and has established a nature and wildlife staff network working with local nature and gardening groups to improve biodiversity | I8: =1/4 -> 0.25 | K8: =_xlfn.XLOOKUP(J8, Rubric!$A$2:$A$6, Rubric!$B$2:$B$6, "")
B9: Force has system to identify rural and wildlife crimes and intelligence on its policing systems, and allocates ownership to ensure an effective response to emerging trends | I9: =1/4 -> 0.25 | K9: =_xlfn.XLOOKUP(J9, Rubric!$A$2:$A$6, Rubric!$B$2:$B$6, "")
B10: Force offers opportunities for key individuals to specialise in particular aspects of wildlife crime | I10: =1/4 -> 0.25 | K10: =_xlfn.XLOOKUP(J10, Rubric!$A$2:$A$6, Rubric!$B$2:$B$6, "")
A11: Accelerating | B11: Force has surveyed sites with substantial grounds and identified larger scale opportunities to improve and enhance nature and biodiversity (habit mosaic, green roofs & walls etc.), in line with the Local Nature Recovery Strategy where possible | I11: =1/3 -> 0.33333333 | K11: =_xlfn.XLOOKUP(J11, Rubric!$A$2:$A$6, Rubric!$B$2:$B$6, "")
B12: Force has identified opportunities to share green spaces across its estate with other partners and the local community where possible to enhance nature, biodiversity and community relations | I12: =1/3 -> 0.33333333 | K12: =_xlfn.XLOOKUP(J12, Rubric!$A$2:$A$6, Rubric!$B$2:$B$6, "")
B13: Force has built positive working partnerships with key nature and wildlife organisations such as Natural England and, where possible, local special interest or community groups, and has identified opportunities to explore how changes brought about by police involvement in rural and wildlife crime has directly enhanced local nature and biodiversity | I13: =1/3 -> 0.33333333 | K13: =_xlfn.XLOOKUP(J13, Rubric!$A$2:$A$6, Rubric!$B$2:$B$6, "")

Sheet EcS Descriptors
A1: Economic Sustainability: Descriptors
A3: Pillar | B3: Theme | C3: Starting out | D3: Improving | E3: Accelerating
A4: Economic Sustainability | B4: Circular economy | C4: Force has a sustainable waste policy in place that is aligned to the waste hierarchy favouring reuse and recycling, and sharing assets where possible. | D4: Force has reviewed and rolled out standardised waste facilities across its buildings including uniformed bins and clear signage, and has a process to monitor and continually improve waste contamination levels. | E4: Force designs central waste hubs into new buildings or site refurbishment projects. Force has reviewed its waste disposal contracts, and minimised material sent to landfill and incineration without energy recovery.
C5: Force has reviewed its use of single use products, switching to longer lasting alternatives where possible. | D5: Force has embedded circular economy principles into its procurement process to ensure goods purchased are designed for longevity, and where possible can be refurbished or upgraded or broken down into component parts for recycling at the end of their useful life. | E5: Force is working with suppliers to reduce packaging and waste coming into the Force in the first place, through take back schemes and other close loop improvements.
C6: Force has a process in place to keep goods, equipment and kit in use, perhaps via a central inventory of spare and recovered equipment, furniture and stationery which is the first point of call before approval is given for new purchases. | D6: Force keeps up to date with changes coming out of the Waste Crime Action Plan via NPCC and ensures any directly affecting policing are embedded into its relevant services and operational controls. | E6: Force keeps up to date with changes coming out of the JUWC review and works with key partners to ensure a holistic approach to enforcement locally.
B7: Business change and procurement | C7: Force has embedded sustainability as a standalone requirement in its business change process, and is included in all business cases and Board papers. | D7: Force has a system in place to assess the sustainability (economic, environmental and social) impacts of business change projects, and identifies opportunities to mitigate or reduce significant impacts through changes to the project prior to presenting to Board. | E7: Business cases and Board papers for large or complex projects are developed in line with Green Book, and have a stand-alone sustainability section containing a sustainability impact assessment with mitigation options, whole life costs (capital and revenue), total greenhouse gas emissions (tCO2e) and if required off-set costs.
C8: Force has embedded social values into its procurement policy and processes, and allocates a minimum 10% score for social value in tenders. | D8: Force has a system in place to assess the social value (economic, environmental and social) of goods and services prior to tender, and identifies opportunities to mitigate or reduce significant impacts through changes to specifications. | E8: Force collaborates with suppliers and contractors to identify opportunities for continually improving the sustainability of goods and services across all operations, and is working with suppliers that create the highest greenhouse gas emissions to improve the approach for calculating their scope 3 supply chain emissions.
C9: Force has embedded whole life costing into its procurement and business change process that includes acquisition costs, operational costs and end of life costs to ensure value for money across the life cycle of the product, service or change project. | D9: Force has reviewed and identified the goods and services creating the highest greenhouse gas emissions in its supply chain, and is working with suppliers to improve the approach for calculating their carbon footprint | E9: Force works with partners and other forces & public sector organisations to establish joint frameworks to increase opportunities for economies of scale.
B10: Efficiency and technology | C10: Force has policies and processes in place to review and improve the reliability of data and information gathered by across the force, minimise data stored and lean processes to remove inefficiencies. | D10: Force adopts national standards and purchases through national frameworks where possible to standardise procedures and requirements, and minimise resources and budget required to develop bespoke solutions. | E10: Force has shared enabling services (HR, EDI, sustainability, procurement etc.) with partners and other forces or public sector organisations to reduce resources, improve economies of scale and enhance opportunities.
C11: Force has reviewed ICT equipment, identified opportunities to reduce and optimise ICT equipment, and has as an asset management plan for ensuring ICT equipment is up-to-date and energy efficient. | D11: Force has reviewed and optimised data storage requirements, identified opportunities to improve energy efficiency & resilience, and rationalise on-site servers where possible by moving to cloud-based solutions based on life cycle analysis. | E11: Force has identified opportunities to improve internal processes and service provision through responsible use of AI and other digital solutions, and has integrated these into its ICT delivery plan.
C12: Force uses the College of Policing PDIT to understand and compare their workforce capacity across functions to inform resource allocation and Force Management Statement. | D12: Force uses the College of Policing PDIT tool and practice bank to identify opportunities to improve services identified during the PEEL Assessment as requires improvement or inadequate. | E12: Force actively uses the College of Policing PDIT tool and practice back to identify opportunities to improve services and embed best practice across all services.

Sheet Circular Economy
A1: Circular economy | B1: =SUMPRODUCT(K4:K13,$I$4:$I$13) -> 0 | C1: =IF(B1<1.1,"Starting out",IF(B1<2.1,"Improving",IF(B1<3,"Accelerating",""))) -> Starting out
A3: Stage | B3: Actions | I3: Weighting | J3: Progress | K3: Score | L3: Evidence
A4: Starting out | B4: Force has a sustainable waste policy in place that is aligned to the waste hierarchy favouring reuse and recycling, and sharing assets where possible | I4: =1/3 -> 0.33333333 | K4: =_xlfn.XLOOKUP(J4, Rubric!$A$2:$A$6, Rubric!$B$2:$B$6, "")
B5: Force has reviewed its use of single use products, switching to longer lasting alternatives where possible | I5: =1/3 -> 0.33333333 | K5: =_xlfn.XLOOKUP(J5, Rubric!$A$2:$A$6, Rubric!$B$2:$B$6, "")
B6: Force has a process in place to keep goods, equipment and kit in use, perhaps via a central inventory of spare and recovered equipment, furniture and stationery which is the first point of call before approval is given for new purchases | I6: =1/3 -> 0.33333333 | K6: =_xlfn.XLOOKUP(J6, Rubric!$A$2:$A$6, Rubric!$B$2:$B$6, "")
A7: Improving | B7: Force has reviewed and rolled out standardised waste facilities across its buildings including uniformed bins and clear signage, and has a process to monitor and continually improve waste contamination levels | I7: =1/4 -> 0.25 | K7: =_xlfn.XLOOKUP(J7, Rubric!$A$2:$A$6, Rubric!$B$2:$B$6, "")
B8: Force has a process in place to monitor and continually improve waste contamination levels | I8: =1/4 -> 0.25 | K8: =_xlfn.XLOOKUP(J8, Rubric!$A$2:$A$6, Rubric!$B$2:$B$6, "")
B9: Force has embedded circular economy principles into its procurement process to ensure goods purchased are designed for longevity and, where possible, can be refurbished, upgraded or broken down into component parts for recycling at the end of their useful life | I9: =1/4 -> 0.25 | K9: =_xlfn.XLOOKUP(J9, Rubric!$A$2:$A$6, Rubric!$B$2:$B$6, "")
B10: Force keeps up to date with changes coming out of the Waste Crime Action Plan via NPCC and ensures any directly affecting policing are embedded into its relevant services and operational controls | I10: =1/4 -> 0.25 | K10: =_xlfn.XLOOKUP(J10, Rubric!$A$2:$A$6, Rubric!$B$2:$B$6, "")
A11: Accelerating | B11: Force designs central waste hubs into new buildings or site refurbishment projects. Force has reviewed its waste disposal contracts, and minimised material sent to landfill and incineration | I11: =1/3 -> 0.33333333 | K11: =_xlfn.XLOOKUP(J11, Rubric!$A$2:$A$6, Rubric!$B$2:$B$6, "")
B12: Force is working with suppliers to reduce packaging and other transport or storage materials to prevent waste coming into the Force, through take back schemes and other close loop improvements | I12: =1/3 -> 0.33333333 | K12: =_xlfn.XLOOKUP(J12, Rubric!$A$2:$A$6, Rubric!$B$2:$B$6, "")
B13: Force keeps up to date with changes coming out of the JUWC review and works with key partners to ensure a holistic approach to enforcement locally | I13: =1/3 -> 0.33333333 | K13: =_xlfn.XLOOKUP(J13, Rubric!$A$2:$A$6, Rubric!$B$2:$B$6, "")

Sheet Procurement
A1: Business change & procurement | B1: =SUMPRODUCT(K4:K13,$I$4:$I$13) -> 0 | C1: =IF(B1<1.1,"Starting out",IF(B1<2.1,"Improving",IF(B1<3,"Accelerating",""))) -> Starting out
A3: Stage | B3: Actions | I3: Weighting | J3: Progress | K3: Score | L3: Evidence
A4: Starting out | B4: Force has embedded sustainability as a standalone requirement in its business change process, and is included in all business cases and Board papers | I4: =1/3 -> 0.33333333 | K4: =_xlfn.XLOOKUP(J4, Rubric!$A$2:$A$6, Rubric!$B$2:$B$6, "")
B5: Force has embedded social values into its procurement policy and processes, and allocates a minimum 10% score for social value in tenders | I5: =1/3 -> 0.33333333 | K5: =_xlfn.XLOOKUP(J5, Rubric!$A$2:$A$6, Rubric!$B$2:$B$6, "")
B6: Force has embedded whole life costing into its procurement and business change process that includes acquisition costs, operational costs and end of life costs to ensure value for money across the life cycle of the product, service or change project | I6: =1/3 -> 0.33333333 | K6: =_xlfn.XLOOKUP(J6, Rubric!$A$2:$A$6, Rubric!$B$2:$B$6, "")
A7: Improving | B7: Force has a system in place to assess the sustainability (economic, environmental and social) impacts of business change projects, and identifies opportunities to mitigate or reduce significant impacts through changes to the project prior to presenting to Board | I7: =1/3 -> 0.33333333 | K7: =_xlfn.XLOOKUP(J7, Rubric!$A$2:$A$6, Rubric!$B$2:$B$6, "")
B8: Force has a system in place to assess the social value of goods and services prior to tender, and identifies opportunities to mitigate or reduce significant impacts through changes to specifications | I8: =1/3 -> 0.33333333 | K8: =_xlfn.XLOOKUP(J8, Rubric!$A$2:$A$6, Rubric!$B$2:$B$6, "")
B9: Force has reviewed and identified the goods and services creating the highest greenhouse gas emissions in its supply chain, and is working with suppliers to improve the approach for calculating their carbon footprint and consequently the force's scope 3 supply chain emissions | I9: =1/3 -> 0.33333333 | K9: =_xlfn.XLOOKUP(J9, Rubric!$A$2:$A$6, Rubric!$B$2:$B$6, "")
A10: Accelerating | B10: Business cases and Board papers for large or complex projects are developed in line with Green Book, and have a stand-alone sustainability section containing a sustainability impact assessment with mitigation options, whole life costs (capital and revenue), total greenhouse gas emissions (tCO2e) and if required, costs of carbon offsets | I10: =1/4 -> 0.25 | K10: =_xlfn.XLOOKUP(J10, Rubric!$A$2:$A$6, Rubric!$B$2:$B$6, "")
B11: Force collaborates with suppliers and contractors to identify opportunities for continually improving the sustainability of goods and services across all operations | I11: =1/4 -> 0.25 | K11: =_xlfn.XLOOKUP(J11, Rubric!$A$2:$A$6, Rubric!$B$2:$B$6, "")
B12: Force is working with the highest greenhouse gas emissions emitters to reduce its scope 3 supply chain emissions and transition towards net zero | I12: =1/4 -> 0.25 | K12: =_xlfn.XLOOKUP(J12, Rubric!$A$2:$A$6, Rubric!$B$2:$B$6, "")
B13: Force works with partners and other forces & public sector organisations to establish joint frameworks to increase opportunities for economies of scale | I13: =1/4 -> 0.25 | K13: =_xlfn.XLOOKUP(J13, Rubric!$A$2:$A$6, Rubric!$B$2:$B$6, "")

Sheet Efficiency
A1: Efficiency & technology | B1: =SUMPRODUCT(K4:K13,$I$4:$I$13) -> 0 | C1: =IF(B1<1.1,"Starting out",IF(B1<2.1,"Improving",IF(B1<3,"Accelerating",""))) -> Starting out
A3: Stage | B3: Actions | I3: Weighting | J3: Progress | K3: Score | L3: Evidence
A4: Starting out | B4: Force has policies and processes in place to review and improve the reliability of data and information gathered across the force, minimise data stored and lean processes to remove inefficiencies | I4: =1/3 -> 0.33333333 | K4: =_xlfn.XLOOKUP(J4, Rubric!$A$2:$A$6, Rubric!$B$2:$B$6, "")
B5: Force has reviewed ICT equipment, identified opportunities to reduce and optimise ICT equipment, and has as an asset management plan for ensuring ICT equipment is up-to-date, fit for purpose and energy efficient | I5: =1/3 -> 0.33333333 | K5: =_xlfn.XLOOKUP(J5, Rubric!$A$2:$A$6, Rubric!$B$2:$B$6, "")
B6: Force uses the College of Policing PDIT to understand and compare their workforce capacity across functions to inform resource allocation and Force Management Statement | I6: =1/3 -> 0.33333333 | K6: =_xlfn.XLOOKUP(J6, Rubric!$A$2:$A$6, Rubric!$B$2:$B$6, "")
A7: Improving | B7: Force adopts national standards, controls and strategies where possible to standardise procedures and requirements and minimise resources and budget required to develop bespoke solutions | I7: =1/4 -> 0.25 | K7: =_xlfn.XLOOKUP(J7, Rubric!$A$2:$A$6, Rubric!$B$2:$B$6, "")
B8: Force purchases via national frameworks where possible to standardise requirements, and minimise risks, resources and budget required to develop bespoke solutions | I8: =1/4 -> 0.25 | K8: =_xlfn.XLOOKUP(J8, Rubric!$A$2:$A$6, Rubric!$B$2:$B$6, "")
B9: Force has reviewed and optimised data storage requirements, identified opportunities to improve energy efficiency & resilience, and rationalise on-site servers where possible by moving to cloud-based solutions based on life cycle analysis | I9: =1/4 -> 0.25 | K9: =_xlfn.XLOOKUP(J9, Rubric!$A$2:$A$6, Rubric!$B$2:$B$6, "")
B10: Force uses the College of Policing PDIT tool and practice bank to identify opportunities to improve services identified during the PEEL Assessment as 'requires improvement' or 'inadequate' | I10: =1/4 -> 0.25 | K10: =_xlfn.XLOOKUP(J10, Rubric!$A$2:$A$6, Rubric!$B$2:$B$6, "")
A11: Accelerating | B11: Force has shared enabling services (HR, EDI, sustainability, procurement etc.) with partners, other forces or public sector organisations to reduce resources, improve economies of scale and enhance opportunities | I11: =1/3 -> 0.33333333 | K11: =_xlfn.XLOOKUP(J11, Rubric!$A$2:$A$6, Rubric!$B$2:$B$6, "")
B12: Force has identified opportunities to improve internal processes and service provision through responsible use of AI and other digital solutions, and has integrated these into its ICT delivery plan | I12: =1/3 -> 0.33333333 | K12: =_xlfn.XLOOKUP(J12, Rubric!$A$2:$A$6, Rubric!$B$2:$B$6, "")
B13: Force actively uses the College of Policing PDIT tool and practice back to identify opportunities to improve services and embed best practice across all services | I13: =1/3 -> 0.33333333 | K13: =_xlfn.XLOOKUP(J13, Rubric!$A$2:$A$6, Rubric!$B$2:$B$6, "")

Sheet SS Descriptors
A1: Social Sustainability: Descriptors
A3: Pillar | B3: Theme | C3: Starting out | D3: Improving | E3: Accelerating
A4: Social Sustainability | B4: Civil contingency and community resilience | C4: Force has developed a climate change risk assessment that identify the potential risks from severe weather on buildings & infrastructure, services and staff & officers, now and 2050 based on 2 degree average global warming scenario. | D4: Force has identified and integrated adaption solutions into enabling services (estates, fleet, HR etc.) strategies and delivery plans, such as the introduction of cooling areas into buildings, air conditioning into vehicles and home working during heatwaves. | E4: Forces works with local resilience partners to engage proactively with communities to address fears and inform the public of changing risks, helping them to build resilience during severe weather events.
C5: Force has fully integrated their climate change risk assessment into existing business continuity & other emergency preparedness plans. Force has added key climate change risks to its force risk register. | D5: Force has identified and integrated adaption solutions into operational processes and controls, such as health-heat alerts and options to reduce the impacts of health on services and police officers. | E5: Force works with partners to identify and proactively engage with marginalized populations, including low-income communities and vulnerable people, who are disproportionately affected by climate change to seek opportunities to improve climate justice.
C6: Force works with local resilience partners to consider the early identification and inclusion of voluntary groups and grass route organisations in emergency planning. | D6: Force has communicated climate change risks and plans to staff and officers, and shared their climate change adaption plan and risk assessment with the local authority and key partners responsible for managing the regional adaption strategy. | E6: Force should coordinate with partners and other forces & public sector organisations to develop a formal framework to enable resource and capability sharing across the region to ensure critical public services continue to operate effectively during severe weather events.
B7: Public service and community safety | C7: Force has expanded its climate change adaption plan and risk assessment to identify the potential risks of new offences emerging as a consequence of climate change such as environmental destruction or “ecocide”, increased climate-related protests, new forms of organised crime and increase in global climate migration. | D7: Force has identified and integrated adaption options for these new offences emerging as a consequence of climate change into operational procedures and controls. | E7: Force works with other forces, law enforcement agencies and partners to update multi-agency operational processes and controls to incorporate the newly identified forms of crime emerging as a consequence of climate change.
C8: Force has fully integrated these newly identified risks into their force risk register. | D8: Force has a system in place to identify newly emerging technology-linked environmental crimes, including e-waste trafficking, cryptocurrency pollution and carbon credit fraud to strengthen preparedness, improve awareness, and develop specialist capabilities. | E8: Force works with organisations beyond law enforcement agencies such as environmental regulators and non-governmental organisations help local communities understand how they may adapt to newly identified forms of crime emerging as a consequence of climate change.
C9: Force measures the carbon cost of crimes it polices, and includes this figure along side financial costs of crime in reports. | D9: Force has identified opportunities to reduce the carbon cost of the crimes it polices. Carbon costs of crime are included along side financial costs in management reports and KPIs. | E9: Force measures and identifies opportunities to reduce the carbon cost of newly identified crimes emerging as a consequence of climate change that it polices.
B10: Engagement and collaboration | C10: Force has an executive lead for sustainability and has established a cohort of sustainability champions from abroad range of roles to proactively advocate for sustainability. Sustainability training has been provided. | D10: Force has a sustainability group or staff network that manages and monitors actions to embed and continually improve sustainability in the force, providing regular sustainability comms and engagement. | E10: Force collaborates with partners across the public sector, business, and academia to identify and pilot innovative environmental projects that make delivering sustainability more achievable and affordable. Sharing results with other forces, and adding examples of best practice to CoP practice bank.
C11: Force works with partners and other forces & public sector organisations to use their collective influence to advocate for local community improvement and engagement. | D11: Sustainability lead or representatives from the sustainability group regularly attend regional and national sustainability networks on behalf of the force. | E11: Force has identified opportunities to co-locate with partners and other forces & public sector organisations to implement fully integrated services to address the needs of communities, particularly vulnerable communities disproportionally affected by crime.
C12: Force has completed the Anchors self-assessment and developed an implementation plan to become an Anchor institution. | D12: Force has joined local and/or regional Anchors groups and identified opportunities to enhance partnerships, collaborations and shared improvements, to delivery economies of scale and new funding opportunities. | E12: Force has identified and implemented an action plan to move towards being an ‘excellent’ Anchor institution and uses the Anchors framework to enhance other public health approaches in policing, such as Clear, Hold, Build.

Sheet Civil Contingency
A1: Civil contingency & community resilience | B1: =SUMPRODUCT(K4:K13,$I$4:$I$13) -> 0 | C1: =IF(B1<1.1,"Starting out",IF(B1<2.1,"Improving",IF(B1<3,"Accelerating",""))) -> Starting out
A3: Stage | B3: Actions | I3: Weighting | J3: Progress | K3: Score | L3: Evidence
A4: Starting out | B4: Force has identified the potential risks from severe weather impacts of climate change on buildings and infrastructure, services and staff and officers, now and 2050 based on 2 degree average global warming scenario | I4: =1/3 -> 0.33333333 | K4: =_xlfn.XLOOKUP(J4, Rubric!$A$2:$A$6, Rubric!$B$2:$B$6, "")
B5: Force has added key climate change risks to its force risk register, and has fully integrated their climate change risk assessment into existing business continuity & other emergency preparedness plans. | I5: =1/3 -> 0.33333333 | K5: =_xlfn.XLOOKUP(J5, Rubric!$A$2:$A$6, Rubric!$B$2:$B$6, "")
B6: Force works with local resilience partners to consider the early identification and inclusion of voluntary groups and grass route organisations in emergency planning. | I6: =1/3 -> 0.33333333 | K6: =_xlfn.XLOOKUP(J6, Rubric!$A$2:$A$6, Rubric!$B$2:$B$6, "")
A7: Improving | B7: Force has identified and integrated adaption solutions into enabling services (estates, fleet, HR etc.) strategies and delivery plans to ensure a co-ordinated and holistic response | I7: =1/4 -> 0.25 | K7: =_xlfn.XLOOKUP(J7, Rubric!$A$2:$A$6, Rubric!$B$2:$B$6, "")
B8: Force has identified and integrated adaption solutions into operational processes and controls, to reduce the impacts of climate change on services and police officers | I8: =1/4 -> 0.25 | K8: =_xlfn.XLOOKUP(J8, Rubric!$A$2:$A$6, Rubric!$B$2:$B$6, "")
B9: Force has communicated climate change risks and plans to staff and officers | I9: =1/4 -> 0.25 | K9: =_xlfn.XLOOKUP(J9, Rubric!$A$2:$A$6, Rubric!$B$2:$B$6, "")
B10: Force has shared their climate change adaptation plan and risk assessment with the local authority and key partners responsible for managing the regional adaption strategy | I10: =1/4 -> 0.25 | K10: =_xlfn.XLOOKUP(J10, Rubric!$A$2:$A$6, Rubric!$B$2:$B$6, "")
A11: Accelerating | B11: Force works with local resilience partners to engage proactively with communities to address fears and inform the public of changing risks, helping them to build resilience during severe weather events | I11: =1/3 -> 0.33333333 | K11: =_xlfn.XLOOKUP(J11, Rubric!$A$2:$A$6, Rubric!$B$2:$B$6, "")
B12: Force works with partners to identify and proactively engage with marginalized populations, including low-income communities and vulnerable citizens, who are disproportionately affected by climate change to seek opportunities to improve climate justice | I12: =1/3 -> 0.33333333 | K12: =_xlfn.XLOOKUP(J12, Rubric!$A$2:$A$6, Rubric!$B$2:$B$6, "")
B13: Force has a formal framework in place with partners, other forces and public sector organisations to enable resource and capability sharing across the region to ensure critical public services continue to operate effectively during severe weather events | I13: =1/3 -> 0.33333333 | K13: =_xlfn.XLOOKUP(J13, Rubric!$A$2:$A$6, Rubric!$B$2:$B$6, "")

Sheet Public Service
A1: Public service & community safety | B1: =SUMPRODUCT(K4:K13,$I$4:$I$13) -> 0 | C1: =IF(B1<1.1,"Starting out",IF(B1<2.1,"Improving",IF(B1<3,"Accelerating",""))) -> Starting out
A3: Stage | B3: Actions | I3: Weighting | J3: Progress | K3: Score | L3: Evidence
A4: Starting out | B4: Force has expanded its climate change adaption plan and risk assessment to identify the potential risks of new offences emerging as a consequence of climate change such as environmental destruction or “ecocide”, increased climate-related protests, new forms of organised crime and increase in global climate migration | I4: =1/3 -> 0.33333333 | K4: =_xlfn.XLOOKUP(J4, Rubric!$A$2:$A$6, Rubric!$B$2:$B$6, "")
B5: Force has fully integrated these newly identified risks into their force risk register, and where appropriate has integrated these newly identified risks into existing business continuity and other emergency preparedness plans | I5: =1/3 -> 0.33333333 | K5: =_xlfn.XLOOKUP(J5, Rubric!$A$2:$A$6, Rubric!$B$2:$B$6, "")
B6: Force measures the carbon cost of crimes it polices | I6: =1/3 -> 0.33333333 | K6: =_xlfn.XLOOKUP(J6, Rubric!$A$2:$A$6, Rubric!$B$2:$B$6, "")
A7: Improving | B7: Force has identified and integrated adaptation options for these new offences emerging as a consequence of climate change into operational procedures and controls | I7: =1/4 -> 0.25 | K7: =_xlfn.XLOOKUP(J7, Rubric!$A$2:$A$6, Rubric!$B$2:$B$6, "")
B8: Force has a system in place to identify newly emerging technology-linked environmental crimes to strengthen preparedness, improve awareness, and develop specialist capabilities | I8: =1/4 -> 0.25 | K8: =_xlfn.XLOOKUP(J8, Rubric!$A$2:$A$6, Rubric!$B$2:$B$6, "")
B9: Force has communicated newly identified risks and adaptation plans to staff and officers | I9: =1/4 -> 0.25 | K9: =_xlfn.XLOOKUP(J9, Rubric!$A$2:$A$6, Rubric!$B$2:$B$6, "")
B10: Force has identified opportunities to reduce the carbon cost of the crimes it polices. Carbon costs of crime are included alongside financial costs in management reports | I10: =1/4 -> 0.25 | K10: =_xlfn.XLOOKUP(J10, Rubric!$A$2:$A$6, Rubric!$B$2:$B$6, "")
A11: Accelerating | B11: Force works with other forces, law enforcement agencies and partners to update multi-agency operational processes and controls to incorporate the newly identified forms of crime emerging as a consequence of climate change | I11: =1/3 -> 0.33333333 | K11: =_xlfn.XLOOKUP(J11, Rubric!$A$2:$A$6, Rubric!$B$2:$B$6, "")
B12: Force works with organisations beyond law enforcement agencies such as environmental regulators and non-governmental organisations to help local communities understand how they may adapt to newly identified forms of crime emerging as a consequence of climate change | I12: =1/3 -> 0.33333333 | K12: =_xlfn.XLOOKUP(J12, Rubric!$A$2:$A$6, Rubric!$B$2:$B$6, "")
B13: Force measures and identifies opportunities to reduce the carbon cost of newly identified crimes emerging as a consequence of climate change that it polices | I13: =1/3 -> 0.33333333 | K13: =_xlfn.XLOOKUP(J13, Rubric!$A$2:$A$6, Rubric!$B$2:$B$6, "")

Sheet Collaboration
A1: Engagement & collaboration | B1: =SUMPRODUCT(K4:K13,$I$4:$I$13) -> 0 | C1: =IF(B1<1.1,"Starting out",IF(B1<2.1,"Improving",IF(B1<3,"Accelerating",""))) -> Starting out
A3: Stage | B3: Actions | I3: Weighting | J3: Progress | K3: Score | L3: Evidence
A4: Starting out | B4: Force has an executive lead for sustainability and has established a cohort of sustainability champions from a broad range of roles to proactively advocate for sustainability. | I4: =1/4 -> 0.25 | K4: =_xlfn.XLOOKUP(J4, Rubric!$A$2:$A$6, Rubric!$B$2:$B$6, "")
B5: Sustainability lead or representatives from the sustainability cohort have completed sustainability training (Carbon Literacy or other specialist sustainability training) | I5: =1/4 -> 0.25 | K5: =_xlfn.XLOOKUP(J5, Rubric!$A$2:$A$6, Rubric!$B$2:$B$6, "")
B6: Force works with partners, other forces and public sector organisations to use their collective influence to advocate for local community improvement and resilience to enhance wellbeing, safety and social cohesion. | I6: =1/4 -> 0.25 | K6: =_xlfn.XLOOKUP(J6, Rubric!$A$2:$A$6, Rubric!$B$2:$B$6, "")
B7: Force has completed the Anchors self-assessment and developed an implementation plan to become an Anchor institution | I7: =1/4 -> 0.25 | K7: =_xlfn.XLOOKUP(J7, Rubric!$A$2:$A$6, Rubric!$B$2:$B$6, "")
A8: Improving | B8: Force has a sustainability group or staff network that manages and monitors actions to embed and continually improve sustainability in the force, and provides regular sustainability comms and engagement | I8: =1/3 -> 0.33333333 | K8: =_xlfn.XLOOKUP(J8, Rubric!$A$2:$A$6, Rubric!$B$2:$B$6, "")
B9: Sustainability lead or representatives from the sustainability group regularly attend regional and national sustainability networks on behalf of the force | I9: =1/3 -> 0.33333333 | K9: =_xlfn.XLOOKUP(J9, Rubric!$A$2:$A$6, Rubric!$B$2:$B$6, "")
B10: Force has joined local and/or regional Anchors groups and identified opportunities to enhance partnerships, collaborations and shared improvements, to delivery economies of scale and new funding opportunities | I10: =1/3 -> 0.33333333 | K10: =_xlfn.XLOOKUP(J10, Rubric!$A$2:$A$6, Rubric!$B$2:$B$6, "")
A11: Accelerating | B11: Force collaborates with partners across the public sector, business, and academia to identify and pilot innovative environmental projects that make delivering sustainability more achievable and affordable. Force shares results of innovative environmental projects with other forces and adds examples of successful / best practice projects to CoP practice bank | I11: =1/3 -> 0.33333333 | K11: =_xlfn.XLOOKUP(J11, Rubric!$A$2:$A$6, Rubric!$B$2:$B$6, "")
B12: Force has identified opportunities to co-locate with partners, other forces and public sector organisations to implement fully integrated services to address the needs of communities | I12: =1/3 -> 0.33333333 | K12: =_xlfn.XLOOKUP(J12, Rubric!$A$2:$A$6, Rubric!$B$2:$B$6, "")
B13: Force has identified and implemented an action plan to move towards being an ‘excellent’ Anchor institution and uses the Anchors framework to enhance other public health approaches in policing, such as Clear, Hold, Build | I13: =1/3 -> 0.33333333 | K13: =_xlfn.XLOOKUP(J13, Rubric!$A$2:$A$6, Rubric!$B$2:$B$6, "")

Sheet Rubric
A1: Description | B1: Score
A2: Not started | B2: 0
A3: Planned | B3: 0.25
A4: In progress | B4: 0.5
A5: Complete | B5: 0.75
A6: Embedded into policy | B6: 1
